Cogmind - Beta 16 @@@ ROGUE MODE // 2025.12.13 @ 18:55:29 Player: EuleBlut Result: Destroyed by G-47 Trooper with Particle Gun Performance ------------- Evolutions (3) 1500 Regions Visited (6) 1200 Robots Destroyed (30) 150 Value Destroyed (965) 965 Prototype IDs (2) 40 Alien Tech Used (0) 0 Bonus (14) 14 TOTAL SCORE: 3869 Bonus ------- Follower Combat Kills 14 Cogmind --------- Core Integrity 0/700 Matter 300/300 Energy 100/100 System Corruption 4% Temperature Cool (9) Movement Core (350) Ox6 Location -7/Storage Parts ------- > --- POWER (2) -------- (None) > --- PROPULSION (4) --- (None) > --- UTILITY (5) ------ Large Storage Unit > --- WEAPON (2) ------- (None) > --- INVENTORY (15) --- Improved Treads Improved Heat Sink Small Storage Unit Large Matter Pod (150) Melee Analysis Suite Launcher Guidance Computer Reaction Control System EM Disruption Field Recalibrator Precision Shock Rifle Datajack Peak State ------------ > --- POWER ------------ Deuterium Engine Micro Nuclear Core > --- PROPULSION ------- Flight Unit Cesium-ion Thruster Xenon Bombardment Thruster > --- UTILITY ---------- Heat Sink Large Storage Unit Trap Scanner Targeting Computer Hacking Suite > --- WEAPON ----------- Enhanced Autogun Advanced Assault Cannon > --- INVENTORY -------- Improved Treads Wheel Flight Unit Improved Heat Sink Improved Heat Sink Small Storage Unit Large Matter Pod Melee Analysis Suite Launcher Guidance Computer Reaction Control System EM Disruption Field Recalibrator [Rating: 35] Favorites ----------- Power Light Nuclear Core Engine Light Ion Engine Power Core Light Nuclear Core Propulsion Flight Unit Treads Light Treads Wheel Compact Wheel Flight Unit Flight Unit Utility Targeting Computer Device Trap Scanner Storage Large Storage Unit Processor Targeting Computer Hackware Hacking Suite Protection Light Armor Plating Weapon Enhanced Autogun Energy Gun Medium Laser Energy Cannon Heavy Particle Cannon Ballistic Gun Enhanced Autogun Ballistic Cannon Advanced Assault Cannon Launcher Grenade Launcher Special Weapon Mining Laser Build | -11 -10 -9 -9 -8 -7 -7 ------- Run | Yrd Mat Mat Min Mat Fac Sto Slots Evolved 6 | . . 2 . 2 2 . Power 1 | . . . . . 1 . Propulsion 2 | . . . . 2 . . Utility 3 | . . 2 . . 1 . Weapon . | . . . . . . . Parts Attached 46 | 6 2 4 6 12 12 4 Power 9 | 1 1 1 1 2 3 . Engine 5 | 1 1 . 1 1 1 . Core 4 | . . 1 . 1 2 . Reactor . | . . . . . . . Propulsion 17 | 2 . 1 2 8 3 1 Treads 4 | . . . 2 1 1 . Leg . | . . . . . . . Wheel 4 | 2 . 1 . . . 1 Hover . | . . . . . . . Flight 9 | . . . . 7 2 . Utility 9 | 1 1 1 1 1 3 1 Device 3 | . . . 1 . 1 1 Storage 2 | 1 . . . . 1 . Processor 1 | . 1 . . . . . Hackware 1 | . . . . . 1 . Protection 2 | . . 1 . 1 . . Artifact . | . . . . . . . Weapon 11 | 2 . 1 2 1 3 2 Energy Gun 5 | 1 . 1 . . 1 2 Energy Cannon 1 | . . . . 1 . . Ballistic Gun 2 | 1 . . . . 1 . Ballistic Cannon 1 | . . . . . 1 . Launcher 1 | . . . 1 . . . Special Weapon 1 | . . . 1 . . . Impact Weapon . | . . . . . . . Slashing Weapon . | . . . . . . . Piercing Weapon . | . . . . . . . Special Melee Weapon . | . . . . . . . Unidentified Prototypes 2 | . . . . . 1 1 Parts Lost 38 | . 1 6 . 8 9 14 Power 6 | . . 1 . 2 2 1 Propulsion 14 | . 1 1 . 3 4 5 Utility 7 | . . 1 . 1 1 4 Weapon 11 | . . 3 . 2 2 4 Highest Loss Streak 11 | . 1 6 . 5 4 11 To Critical Strikes . | . . . . . . . Average Backups 8 | 1 6 6 3 5 9 11 Power . | . 1 . . . . . Propulsion 2 | . 2 2 1 2 2 1 Utility 4 | . 1 2 1 2 6 8 Weapon . | . 1 1 . . . 1 Tool/Special . | . . . . . . . Unused Backups 11 | . 2 . . . . 9 Power 1 | . 1 . . . . . Propulsion . | . . . . . . . Utility 8 | . 1 . . . . 7 Weapon 1 | . . . . . . 1 Tool/Special 1 | . . . . . . 1 Average Slot Usage (%) 81 | . 92 73 59 81 86 74 Engine 2 | . 10 . 2 5 . . Core 4 | . . 10 . 2 6 6 Treads 3 | . . . 14 9 . 6 Wheel 6 | . 24 12 3 . . 5 Flight 15 | . . . . 20 27 8 Device 8 | . . . 2 9 14 11 Storage 9 | . 14 11 11 9 7 7 Processor 8 | . 13 11 11 9 7 5 Hackware 3 | . . . . . 6 6 Energy Gun 4 | . 14 10 . . . 5 Energy Cannon 2 | . . . . 5 5 . Ballistic Gun 5 | . 14 10 . . 5 6 Launcher 1 | . . . 7 4 . . Special Weapon 1 | . . . 7 2 . . Peak Build Rating 35 | 6 8 10 8 15 35 35 Average Rating 18 | 4 6 8 5 12 26 29 On Entrance 9 | . 6 6 3 8 11 31 Avg Prop Armor Cover (%) 13 | . . . . . 7 15 Naked Turns . | . . . . . . . Heaviest Build 47 | 11 13 16 13 20 47 36 Greatest Support 63 | 32 32 26 40 63 19 16 Greatest Overweight (x) 11 | . . 1 . 1 4 11 Average Overweight (x) . | . . . . . 1 2 Largest Inventory Capacity 15 | 8 8 8 8 8 15 15 Average Capacity 11 | 7 8 8 8 8 14 15 Most Carried 14 | 4 8 8 6 8 14 12 Average Carried 8 | 1 6 6 3 5 9 11 Final Capacity 15 | 8 8 8 8 8 15 15 Final Carried 11 | 3 8 5 2 8 11 11 Class Distribution -------------------- 69% | Mutant 30% | Scavenger-Mutant Dominant Class ---------------- Mutant | -10/Materials Mutant | -9/Materials Mutant | -9/Mines Scavenger-Mutant | -8/Materials Mutant | -7/Factory Mutant | -7/Storage Resources | -11 -10 -9 -9 -8 -7 -7 ----------- Run | Yrd Mat Mat Min Mat Fac Sto Matter Collected 988 | 197 46 99 14 102 377 153 Remotely . | . . . . . . . Salvage Created 1027 | . 162 180 . 249 210 226 Parts 75 | . 8 16 1 27 11 12 Haulers Intercepted . | . . . . . . . Recyclers Shooed 1 | . . . . . . 1 Parts Field Recycled . | . . . . . . . Retrieved Matter . | . . . . . . . Parts Self-Destructed . | . . . . . . . Prevented . | . . . . . . . Parts Restored . | . . . . . . . Kills | -11 -10 -9 -9 -8 -7 -7 ------- Run | Yrd Mat Mat Min Mat Fac Sto Combat Hostiles Destroyed 26 | . 4 3 1 10 5 3 Guns 11 | . 4 2 . . 2 3 Cannons 13 | . . . 1 9 3 . AOE 2 | . . 1 . 1 . . Classes Destroyed 9 | . 1 2 1 2 1 2 Builder 1 | . . . . 1 . . Recycler 1 | . . . . . . 1 Operator 1 | . . 1 . . . . Watcher 1 | . . . . 1 . . Swarmer 8 | . . . 1 7 . . Grunt 11 | . 4 1 . 2 3 1 Sentry 5 | . . 2 . 1 1 1 Hunter 1 | . . . . . . 1 Programmer 1 | . . . . . 1 . Best Kill Streak 4 | . 3 2 1 4 2 3 Combat Bots Only 4 | . 3 1 1 4 2 2 Max Kills in Single Turn 2 | . 1 1 1 2 1 1 Gunslinging . | . . . . . . . Exploded 1 | . . 1 . 1 . . Melee . | . . . . . . . Uniques/NPCs Destroyed . | . . . . . . . Combat | -11 -10 -9 -9 -8 -7 -7 -------- Run | Yrd Mat Mat Min Mat Fac Sto Hostile Shots Fired 478 | . 22 51 1 113 101 190 Missed 143 | . 7 14 1 23 30 68 Hits 335 | . 15 37 . 90 71 122 Melee 4 | . . . . . . 4 Projectile 331 | . 15 37 . 90 71 118 Critical Strikes 6 | . . 1 . 2 1 2 Damage Taken 3589 | . 170 467 . 859 781 1312 Core 1046 | . 37 118 . 186 136 569 Absorbed by Shields . | . . . . . . . Core Remaining (%) 80 | 100 85 . 70 66 . . Volleys Fired 117 | . 17 22 1 30 28 19 Largest 2 | . 2 2 1 2 2 2 Hottest 105 | . 70 70 100 105 100 90 Shots Fired 187 | . 34 39 1 31 47 35 Gun 144 | . 34 39 . . 36 35 Cannon 36 | . . . . 25 11 . Launcher 1 | . . . . 1 . . Special 6 | . . . 1 5 . . Kinetic 91 | . 17 20 . . 38 16 Thermal 74 | . 17 5 1 30 9 12 Explosive 1 | . . . . 1 . . Electromagnetic 21 | . . 14 . . . 7 Robot Hit Streak 11 | . 11 6 1 6 11 10 Robot Miss Streak 5 | . 2 2 . 3 3 5 Penetration Max . | . . . . . . . Secondary Targets . | . . . . . . . Shots Hit Robots 129 | . 21 27 1 20 36 24 Core Hits 54 | . 11 9 1 14 10 9 Critical Kills . | . . . . . . . Critical Parts Destroyed . | . . . . . . . Critical Strikes 4 | . 1 . . . 2 1 Burn 2 | . 1 . . . 1 . Blast 1 | . . . . . 1 . Corrupt 1 | . . . . . . 1 Melee Attacks . | . . . . . . . Impact . | . . . . . . . Slashing . | . . . . . . . Piercing . | . . . . . . . Sneak Attacks . | . . . . . . . Combat Hostiles . | . . . . . . . Follow-up Attacks . | . . . . . . . Damage Inflicted 2303 | . 222 341 24 586 721 409 Guns 1385 | . 222 286 . . 468 409 Cannons 703 | . . . . 450 253 . Explosions 143 | . . 55 . 88 . . Melee . | . . . . . . . Ramming . | . . . . . . . Kinetic 963 | . 87 96 . . 602 178 Thermal 1026 | . 135 120 24 498 119 130 Explosive 88 | . . . . 88 . . Electromagnetic 226 | . . 125 . . . 101 Impact . | . . . . . . . Slashing . | . . . . . . . Piercing . | . . . . . . . Highest Corruption 4 | . . . . . . 4 Average Corruption 3 | . . . . . . 3 Corruption Purged . | . . . . . . . Corruption Blocked . | . . . . . . . Effects 1 | . . . . . . 1 Heat Flow Errors 1 | . . . . . . 1 Overload Shots . | . . . . . . . Overflow Damage 29 | . . . . 15 14 . Projectiles 29 | . . . . 15 14 . Explosions . | . . . . . . . Melee . | . . . . . . . Knockbacks 1 | . . . . . 1 . Impact . | . . . . . . . Kinetic 1 | . . . . . 1 . Secondary . | . . . . . . . Self-Inflicted Damage . | . . . . . . . Shots . | . . . . . . . Rammed 1 | . . . . . . 1 Targets Rammed 1 | . . . . . . 1 Kicked . | . . . . . . . Crushed . | . . . . . . . Highest Temperature 237 | . 122 210 . 186 176 237 Average Temperature 71 | . 50 85 . 68 54 102 Received Heat Transfer 1212 | . 93 231 . 135 324 429 Effects 3 | . . 3 . . . . Interference 3 | . . 3 . . . . Siege Activations . | . . . . . . . Martial Activations . | . . . . . . . Shielding Activations . | . . . . . . . Robots Disrupted . | . . . . . . . Combat Hostiles . | . . . . . . . Robots Corrupted . | . . . . . . . Combat Hostiles . | . . . . . . . Parts Fried . | . . . . . . . Impact Corruptions . | . . . . . . . Robots Melted . | . . . . . . . Combat Hostiles . | . . . . . . . Parts Melted . | . . . . . . . Heat Transferred 2211 | . 481 285 50 766 333 296 Parts Sabotaged . | . . . . . . . Parts Stolen . | . . . . . . . Parts Stripped . | . . . . . . . Power Chain Reactions 2 | . . 2 . . . . Alert | -11 -10 -9 -9 -8 -7 -7 ------- Run | Yrd Mat Mat Min Mat Fac Sto Maximum Alert Level . | . . . . . . . Low Security (%) 100 | 100 100 100 100 100 100 100 Level 1 . | . . . . . . . Level 2 . | . . . . . . . Level 3 . | . . . . . . . Level 4 . | . . . . . . . Level 5 . | . . . . . . . High Security . | . . . . . . . Max Security . | . . . . . . . Peak Influence 158 | . 80 63 74 158 44 45 Initial 44 | . . 29 4 16 44 . Average 19 | . 18 39 17 67 7 7 Influence Increases 893 | . 155 124 74 288 161 91 Destroy 0b10 Robot/C 560 | . 80 60 60 200 100 60 Destroy 0b10 Robot/NC 20 | . . 5 . 10 . 5 Destroy Leader 122 | . 10 20 10 32 30 20 Allied During Kill 4 | . . . 4 . . . Successful Hack 14 | . 5 . . 3 . 6 Disable Machine 15 | . . . . 15 . . Destroy Structure 23 | . . 9 . 13 1 . Lose Combat Pursuer 135 | . 60 30 . 15 30 . Influence Decreases 893 | . 83 183 43 234 257 93 Entered New Map 136 | . . 43 9 28 54 2 Time Decay 517 | . 73 80 34 126 143 61 Lost Part 240 | . 10 60 . 80 60 30 Squads Dispatched 7 | . 1 3 . . 2 1 Investigation 2 | . . 2 . . . . Extermination 1 | . . . . . 1 . Reinforcement 4 | . 1 1 . . 1 1 Assault . | . . . . . . . Garrison . | . . . . . . . Intercept . | . . . . . . . Searches Triggered . | . . . . . . . Construction Impeded . | . . . . . . . Haulers Reinforced 1 | . . . . . 1 . Active Scanning Responses . | . . . . . . . Cargo Convoy Interrupts . | . . . . . . . Stealth | -11 -10 -9 -9 -8 -7 -7 --------- Run | Yrd Mat Mat Min Mat Fac Sto Distress Signals 4 | . . 1 . 1 . 2 Communications Jammed . | . . . . . . . Distress Signals . | . . . . . . . Times Spotted 65 | . 13 10 4 18 10 10 Peak Tracking Total 6 | . 5 3 4 6 3 5 Tactical Retreats 5 | . 1 1 . 1 2 . Traps | -11 -10 -9 -9 -8 -7 -7 ------- Run | Yrd Mat Mat Min Mat Fac Sto Traps Triggered 2 | . 1 . . . . 1 Indirectly . | . . . . . . . Trap Hack Attempts . | . . . . . . . Triggered . | . . . . . . . Disarmed . | . . . . . . . Reprogrammed . | . . . . . . . Reused . | . . . . . . . Traps Extracted . | . . . . . . . Installed . | . . . . . . . Triggered . | . . . . . . . Machines | -11 -10 -9 -9 -8 -7 -7 ---------- Run | Yrd Mat Mat Min Mat Fac Sto Machines Disabled 2 | . . 1 . 1 . . Max in Single Turn 1 | . . 1 . 1 . . Machines Repaired . | . . . . . . . Machines Dismantled . | . . . . . . . Machines Sabotaged . | . . . . . . . Overloaded Fab Kills . | . . . . . . . Hacking | -11 -10 -9 -9 -8 -7 -7 --------- Run | Yrd Mat Mat Min Mat Fac Sto Machines Accessed 9 | . 2 3 . 2 . 2 Terminals 9 | . 2 3 . 2 . 2 Fabricators . | . . . . . . . Repair Stations . | . . . . . . . Recycling Units . | . . . . . . . Scanalyzers . | . . . . . . . Garrison Access . | . . . . . . . Total Hacks 25 | . 4 10 . 8 . 3 Successful 14 | . 2 4 . 6 . 2 Failed 11 | . 2 6 . 2 . 1 Catastrophic 2 | . . 2 . . . . Database Lockouts . | . . . . . . . Manual 7 | . . 4 . 1 . 2 Terminals 25 | . 4 10 . 8 . 3 Fabricators . | . . . . . . . Repair Stations . | . . . . . . . Recycling Units . | . . . . . . . Scanalyzers . | . . . . . . . Garrison Access . | . . . . . . . Terminal Hacks 14 | . 2 4 . 6 . 2 Record 8 | . . 4 . 3 . 1 Open Door 1 | . . . . . . 1 Alert Level 2 | . 1 . . 1 . . Dispatch Records 1 | . . . . 1 . . Maintenance Status 1 | . . . . 1 . . Zone Layout 1 | . 1 . . . . . Fabricator Hacks . | . . . . . . . Repair Station Hacks . | . . . . . . . Recycling Unit Hacks . | . . . . . . . Scanalyzer . | . . . . . . . Garrison Access Hacks . | . . . . . . . Unauthorized Hacks . | . . . . . . . Terminals . | . . . . . . . Fabricators . | . . . . . . . Repair Stations . | . . . . . . . Recycling Units . | . . . . . . . Scanalyzers . | . . . . . . . Garrison Access . | . . . . . . . Data Cores Recovered . | . . . . . . . Used . | . . . . . . . Hacking Detections 8 | . 2 3 . 2 . 1 Full Trace Events 2 | . . 2 . . . . Feedback Events . | . . . . . . . Feedback Blocked . | . . . . . . . Robot Schematics Acquired . | . . . . . . . Robots Built . | . . . . . . . Authchips . | . . . . . . . Time . | . . . . . . . Total Robot Build Rating . | . . . . . . . Part Schematics Acquired . | . . . . . . . Parts Built . | . . . . . . . Authchips . | . . . . . . . Time . | . . . . . . . Total Part Build Rating . | . . . . . . . Part Studies Acquired . | . . . . . . . Parts Repaired . | . . . . . . . Time . | . . . . . . . Parts Recycled . | . . . . . . . Recycled Matter . | . . . . . . . Retrieved Matter . | . . . . . . . Retrieved Components . | . . . . . . . Parts Scanalyzed . | . . . . . . . Part Schematics Acquired . | . . . . . . . Parts Damaged . | . . . . . . . Bothacking | -11 -10 -9 -9 -8 -7 -7 ------------ Run | Yrd Mat Mat Min Mat Fac Sto Used RIF Installer . | . . . . . . . Robots Hacked . | . . . . . . . Non-combat . | . . . . . . . Combat . | . . . . . . . Robot Hacks Applied . | . . . . . . . Relay Couplers Released . | . . . . . . . Fabnet Peak Effective % . | . . . . . . . Robots Rewired . | . . . . . . . Allies Hacked . | . . . . . . . Hacks Repelled . | . . . . . . . Allies | -11 -10 -9 -9 -8 -7 -7 -------- Run | Yrd Mat Mat Min Mat Fac Sto Total Allies 1 | . . . 1 . . . Largest Group 1 | . . . 1 1 . . Highest-Rated Group 31 | . . . 31 31 . . Highest-Rated Ally 31 | . . . 31 31 . . Total Orders . | . . . . . . . Ally Attacks 4 | . . . 4 . . . Total Damage 64 | . . . 64 . . . Kills 2 | . . . 2 . . . Allies Corrupted . | . . . . . . . Allies Melted . | . . . . . . . Intel | -11 -10 -9 -9 -8 -7 -7 ------- Run | Yrd Mat Mat Min Mat Fac Sto Active Infowar (turns) 1354 | . . . . . 1063 291 Traps 1354 | . . . . . 1063 291 Robot Analysis Total . | . . . . . . . Derelict Logs Recovered . | . . . . . . . Drone Launches . | . . . . . . . Drone Recoveries . | . . . . . . . Exploration | -11 -10 -9 -9 -8 -7 -7 ------------- Run | Yrd Mat Mat Min Mat Fac Sto Turns Passed 2551 | 64 406 177 228 294 1066 316 Spaces Moved 1484 | 50 330 111 115 174 578 126 Core 14 | 1 . . . . . 13 Treads 137 | . . . 91 46 . . Legs . | . . . . . . . Wheels 669 | 49 330 111 24 . 42 113 Hover . | . . . . . . . Flight 664 | . . . . 128 536 . Fastest Speed 31 | 50 100 80 80 31 109 115 Average Speed 126 | 99 100 96 143 106 145 163 Slowest Speed 600 | 100 100 100 160 160 357 600 Overloaded Moves . | . . . . . . . Propulsion Burnouts . | . . . . . . . Robots Hopped . | . . . . . . . Potential Cave-ins . | . . . . . . . Cave-ins Triggered . | . . . . . . . Exploration Rate (%) 20 | 4 60 14 15 18 15 16 Regions Visited 6 Branch Regions 2 Pre-discovered Areas . | . . . . . . . Known Exits Taken . | . . . . . . . Unknown Exits Taken 6 | 1 1 1 1 1 1 . Scrap Searched . | . . . . . . . Spaces Dug . | . . . . . . . Terrain Destroyed 22 | . . 9 . 12 1 . Melee . | . . . . . . . Projectile 9 | . . . . 8 1 . AOE 13 | . . 9 . 4 . . Terrain Rammed . | . . . . . . . Walls Destroyed . | . . . . . . . Machines Disabled . | . . . . . . . Actions | -11 -10 -9 -9 -8 -7 -7 --------- Run | Yrd Mat Mat Min Mat Fac Sto Total 1978 | 64 378 145 176 241 767 207 Wait 263 | . 19 8 52 6 133 45 Move 1478 | 49 329 110 114 173 577 126 Hop . | . . . . . . . Pick Up 53 | 9 8 1 2 14 15 4 Fast Attach 2 | . . . . 2 . . Attach 43 | 6 1 4 6 10 12 4 Detach 3 | . . . 1 2 . . Swap 4 | . 1 . . 1 2 . Drop 6 | . 3 . . 3 . . Fire 117 | . 17 22 1 30 28 19 Melee . | . . . . . . . Ram 1 | . . . . . . 1 Kick . | . . . . . . . Crush . | . . . . . . . Escape Stasis 8 | . . . . . . 8 Rewire . | . . . . . . . Trap . | . . . . . . . Miscellaneous . | . . . . . . . Route ------- -11/Scrapyard -10/Materials (discovered 3 exits: *Mat x2 / [*Min]) -9/Materials -9/Mines -8/Materials -7/Factory -7/Storage History --------- Turn | Location | Event 15 | -11/Scrapyard | Discovered new exit (range 16) 65 | -11/Scrapyard | Entered Materials 140 | -10/Materials | Discovered new exit (range 4) 277 | -10/Materials | Discovered new exit (range 12) 316 | -10/Materials | Build established: Mutant 460 | -10/Materials | Discovered new exit (range 11) 471 | -10/Materials | Entered another Materials area 471 | -9/Materials | Evolved 2 slots: Utility x2 634 | -9/Materials | Discovered new exit (range 16) 648 | -9/Materials | Entered Mines 653 | -9/Mines | Discovered new exit (range 10) 660 | -9/Mines | Received a Mining Laser from a helpful Derelict 674 | -9/Mines | Lost 6 parts (1p1n1u3w) 876 | -9/Mines | Entered Materials 876 | -8/Materials | Accompanied by 1 ally 876 | -8/Materials | Evolved 2 slots: Propulsion x2 1155 | -8/Materials | Discovered new exit (range 13) 1170 | -8/Materials | Entered Factory 1170 | -7/Factory | Evolved 2 slots: Power x1, Utility x1 1199 | -7/Factory | Lost 5 parts (1p3n1u) 1323 | -7/Factory | Build established: Scavenger-Mutant 1983 | -7/Factory | Build established: Mutant 2199 | -7/Factory | Lost 4 parts (1p1n1u1w) 2220 | -7/Factory | Discovered new exit (range 5) 2236 | -7/Factory | Entered Storage 2535 | -7/Storage | Core integrity fell below 50% 2544 | -7/Storage | Core integrity fell below 20% 2552 | -7/Storage | Destroyed by G-47 Trooper with Particle Gun Last Messages --------------- K-01 Serf collects debris. R-06 Scavenger collects Lgt. Deuterium Engine. Acquired 35 matter. Med. Treads destroyed. Com. Wheel destroyed. Identified Prc. Shock Rifle. Acquired 10 matter. Lightning Gun destroyed. U-05 Engineer repairs door. Trap Scanner destroyed. System corrupted by crushing effect (+1). Hacking Suite destroyed. System corrupted by crushing effect (+3). U-05 Engineer lays Concrete. Imp. Heat Sink destroyed. K-01 Serf collects debris. System corrupted: Heat flow error (+198). Prc. Shock Rifle destroyed. Slammed into R-06 Scavenger. Y-54 Guardian misfires. Map ----- +----------------------------------------------------+ | | | | | | | | | | | | | | | | | | | | | | | | | | | | | | | ????????????##############???????????????????? | | ????????????# #???????????????????? | | ????????????# """ """ #???????????? ##????? | | ????????????# """ """ #???????????" ?????? | | ????????????# """ """ #?????????? ??????? | | ????????????# #????????? ???????? | | ????????????#######+######???????? ????????? | | ??????########### ########+###+#?????????? | | ??????# ^ r g #?????????? | | ??????# " k g[[ Y #?????????? | | ??????# % @%b =%= #?????### ? | | ??????########### ########+###/### | | ????????????????## ###?# /%* ? | | ?????????????????# ""#?# #???????? | | ?????????????????# ""#?# ! #???????? | | ?????????????????# T"#?# #???????? | | ?????????????????# ""#?# #???????? | | ?????????????????# ""#?# ! #???????? | | ?????????????????# ###?# ! #???????? | | ?????????????????# #???#############???????? | | ?????????????????# ####????????????????????? | | ????????????????## ##T####?????????????????? | | ????????????????# # [#?????????????????? | | ????????????????# # [#?????????????????? | | ????????????????# + [[#?????????????????? | | ????????????????# ######?????????????????? | | ????????????????# #??????????????????????? | | ????????????????## ##??????????????????????? | | ?????????????????# #???????????????????????? | | ?????????????????# #???????????????????????? | | ?????????????????# #???????????????????????? | | ?????????????????# #???????????????????????? | | ?????????????????+ +???????????????????????? | | ?????????????????# #???????????????????????? | | ?????????????????# #???????????????????????? | +----------------------------------------------------+ Best States ------------- Heat Dissipation 48 Energy Generation 24 Energy Capacity 325 Matter Stores 300 Matter Capacity 300 Sight Range 16 Terrain Scan Density 10 Armor Coverage 150 Evasion (%) 63 Targeting Accuracy 5 Recoil Reduction 3 Offensive Hacking 10 Item Schematics ----------------- None Robot Schematics ------------------ None Fabricated ------------ Nothing Repaired ---------- Nothing Studied --------- None Alien Tech Used ----------------- None Achievements -------------- None Challenges ------------ None Game ------ Seed ShiftGravitonDriveblaster Manual? 0 Play Time 00:32:23 Cumulative 6.4 hours Start 2025.12.13 @ 18:26:44 End 2025.12.13 @ 18:55:29 Sessions 1 Manual Loads 0 Difficulty Rogue Special Mode None Game No. 19 Rogue 18 Adventurer 0 Explorer 1 Win Type - Total 0 Types 0/0/0/0/0/0/0/0/0/0 Lore% 8 Gallery% 10 Achievement% 9 Wizard Run 0 Options --------- Layout 1 ASCII 0 Keyboard 0 Movement Mouse Keybinds 0 Fullscreen 2 Font 24/Smallcaps Map View 50x35 Zoom Use 7% Tactical HUD 0 Map Filters NONE Filters NONE Steam 1 RUN: 3b6c3714-c02d-469f-84bc-ae10df53093a